 Dungeon Crawl Stone Soup version 0.31.0-32-g396128a36d (webtiles) character file.

Game seed: 3392719656748338924

23 Peloso the Covered (level 2, 24/24 HPs)
             Began as a Minotaur Fighter on Mar 27, 2024.
             Got out of the dungeon alive.
             The game lasted 00:01:00 (790 turns).

Peloso the Covered (Minotaur Fighter)                Turns: 790, Time: 00:01:00

Health: 24/24      AC:  9    Str: 20    XL:     2   Next: 75%
Magic:  1/1        EV:  9    Int:  5    God:
Gold:   47         SH:  4    Dex:  9    Spells: 1/1 levels left

rFire   . . .        a - +0 long sword
rCold   . . .        c - +0 buckler
rNeg    . . .        b - +0 scale mail
rPois   .            (helmet restricted)
rElec   .            (no cloak)
rCorr   .            (no gloves)
SInv    .            (no boots)
Will    .....        (no amulet) Stlth
                     (no ring)
HPRegen 0.24/turn    (no ring)
MPRegen 0.07/turn

%: no passive effects
@: no status effects
A: horns 2, retaliatory headbutt, iridescent scales 1, frail 1
a: no special abilities


You escaped.
You visited 1 branch of the dungeon, and saw 1 of its levels.

You collected 47 gold pieces.

Inventory:

Hand Weapons
 a - a +0 long sword (weapon)
Armour
 b - a +0 scale mail (worn)
 c - a +0 buckler (worn)
Scrolls
 e - 2 scrolls of identify {unknown}
 g - a scroll of teleportation {unknown}
 h - a scroll of noise {unknown}
Potions
 d - a potion of might
 i - a potion of degeneration {unknown}


   Skills:
 + Level 4.0 Fighting
 + Level 2.6 Long Blades
 + Level 4.1 Armour
 + Level 4.0 Shields


You had one spell level left.
You didn't know any spells.
Your spell library contained the following spells:

 Spells                   Type           Power      Damage    Failure   Level
 Apportation              Tloc           0%         N/A       88%         1
 Necrotise                Necr           0%         1d4       88%         1
 Sting                    Conj/Alch      0%         1d3       88%         1
 Summon Small Mammal      Summ           0%         N/A       88%         1


Dungeon Overview and Level Annotations

Branches:
Dungeon (1/15)

Altars:


Innate Abilities, Weirdness & Mutations

You have a pair of horns on your head.
You reflexively headbutt those who attack you in melee.
You are partially covered in iridescent scales. (AC +2)
You are frail. (-10% HP)


Message History

You see here a quokka corpse.
You open the door.
There is an open door here.
Found a dagger.
There is a fountain of clear blue water here.
You open the door.
There is an open door here.
You open the door.
There is an open door here.
You now have 39 gold pieces (gained 12).
You now have 47 gold pieces (gained 8).
Found a dagger.
Found 2 stones.
You see here 2 stones.
A goblin comes into view. It is wielding a +0 dagger.
The goblin shouts!
A goblin is nearby!
A goblin is nearby!
You slash the goblin!
You kill the goblin!
Things that are here:
a +0 dagger; a goblin corpse Done exploring.
Done exploring.
Done exploring.
Done exploring.
Search for what [? for help]? armour Search for what [Enter for "armour", or ? for help]? weapon Unknown command.
Unknown command.
It was a potion of mutation.
You feel extremely strange.
You feel frail.
Iridescent scales grow over part of your body.
What level of the Dungeon? (default 1, ? - help)
There is an open door here.
There is a fountain of clear blue water here.
There is an open door here.
There is an open door here.
There is a staircase leading out of the dungeon here.
You have escaped!

## ######
.###############....#
.....##...##........####
###.....###...#####....####
..####.....####...####....#
...).###'###.........###..#
⌠......'.'......@......#.##
.....###'###.........###.##
..####.....####...####....#
###....#......#####.......#
....##..#................##
...##..#.....##...###).##.#
..###.###..######## #######
.###### #.## ....#.###.#


There were no monsters in sight!

Vanquished Creatures
  2 endoplasms (D:1)
  A giant cockroach (D:1)
  3 goblins (D:1)
  4 jackals (D:1)
  A kobold (D:1)
  A quokka (D:1)
  3 ball pythons (D:1)
  2 bats (D:1)
  2 frilled lizards (D:1)
  2 rats (D:1)
21 creatures vanquished.

Notes
Turn   | Place    | Note
-------+----------+-------------------------------------------
     0 | D:1      | Peloso the Minotaur Fighter began the quest for the Orb.
     0 | D:1      | Reached XP level 1. HP: 19/19 MP: 0/0
   186 | D:1      | Reached XP level 2. HP: 21/27 MP: 1/1
   210 | D:1      | Found a faded altar of an unknown god.
   756 | D:1      | Gained mutation: You are frail. (-10% HP) [potion of
                  | mutation]
   756 | D:1      | Gained mutation: You are partially covered in iridescent
                  | scales. (AC +2) [potion of mutation]
   790 | D:$      | Got out of the dungeon alive.

Illustrated notes

Levels and vault maps discovered:
D:1:      elethiomel_arrival_infinity_welcomes_careful_drivers,
          layout_loops_ring, hellmonk_ecumenical_altar_dog_temple

Skill      XL: |  1  2 |
---------------+-------+-----
Armour         | 4 |  4.1
Fighting       | 4 |  4.0
Shields        | 4 |  4.0
Long Blades    | |  2.6

Action                     || total
---------------------------++-------
  Melee: Long sword        ||    41
         Headbutt          ||     3
    Use: Potion            ||     1
 Armour: Scale mail        ||    26
  Dodge: Dodged            ||    24
  Block: Buckler           ||     6
